 Dungeon Crawl Stone Soup version 0.28-a0-1505-g8c907de6ad (webtiles) character file.

Game seed: 13847010017368271100

3837 kae the Insei (level 9, -2/81 HPs)
             Began as a Demonspawn Transmuter on Jan 13, 2022.
             Was a Believer of Ru.
             Slain by a two-headed ogre (12 damage)
             ... on level 10 of the Dungeon.
             The game lasted 00:07:31 (12208 turns).

kae the Insei (Demonspawn Transmuter)              Turns: 12208, Time: 00:07:31

Health: -2/81      AC:  8    Str: 12    XL:     9   Next: 98%
Magic:  16/16      EV: 10    Int: 18    God:    Ru [**....]
Gold:   540        SH:  0    Dex: 13    Spells: 10/18 levels left

rFire   . . .      SeeInvis .     - Unarmed
rCold   + + +      Faith    .   (shield currently unavailable)
rNeg    . . .      Spirit   .   (armour currently unavailable)
rPois   +          Reflect  .   (helmet currently unavailable)
rElec   .          Harm     .   (cloak currently unavailable)
rCorr   .          Rampage  .   (gloves currently unavailable)
Will    .....                   (boots currently unavailable)
Stlth   +.........              f - amulet of magic regeneration
HPRegen 0.23/turn               p - ring of flight
MPRegen 0.55/turn               u - ring of protection from fire

@: ice-form, flying
A: freezing attack, amphibious, boosted hp, large, (antennae 1), (icy blue
scales 1), foul stench 2, (spiny 2), inability to use devices
a: End Transformation, Renounce Religion


You were on level 10 of the Dungeon.
You worshipped Ru.
Ru was pleased with you.
You were a creature of crystalline ice.
You visited 2 branches of the dungeon, and saw 11 of its levels.

You collected 570 gold pieces.
You spent 30 gold pieces at shops.

Inventory:

Missiles
 i - a throwing net
Armour
 a - a +0 robe (melded)
 g - a +0 cloak (melded)
Jewellery
 f - an amulet of magic regeneration (around neck)
 p - a ring of flight (left front paw)
 u - a ring of protection from fire (right front paw)
Scrolls
 c - 2 scrolls of fear
 j - 3 scrolls of blinking
 l - 5 scrolls of fog
 n - 2 scrolls of teleportation
 q - a scroll of amnesia
 s - 2 scrolls of identify
Potions
 b - a potion of ambrosia
 d - a potion of haste
 e - a potion of cancellation
 h - 2 potions of invisibility
 k - a potion of berserk rage
 m - a potion of might
 o - a potion of brilliance
 r - 2 potions of curing
 t - 4 potions of lignification


   Skills:
 + Level 5.1 Fighting
 + Level 2.7 Dodging
 * Level 7.5 Unarmed Combat
 + Level 5.1 Spellcasting
 * Level 7.0 Transmutations
 - Level 5.0 Ice Magic
 - Level 1.0 Poison Magic


You had 10 spell levels left.
You knew the following spells:

 Your Spells              Type           Power      Damage    Failure   Level
a - Beastly Appendage     Tmut           60%        N/A       1%          1
b - Spider Form           Tmut/Pois      19%        N/A       8%          3
c - Ice Form              Ice/Tmut       26%        N/A       11%         4

Your spell library contained the following spells:

 Spells                   Type           Power      Damage    Failure   Level
 Wereblood                Tmut           30%        N/A       1%          2
 Sting                    Tmut/Pois      76%        1d6       2%          1
 Poisonous Vapours        Pois/Air       12%        N/A       16%         2
 Static Discharge         Conj/Air       4%         N/A       21%         2
 Tukima's Dance           Hex            4%         N/A       36%         3
 Olgreb's Toxic Radiance  Pois           8%         N/A       65%         4
 Anguish                  Hex/Necr       2%         N/A       78%         4
 Dispel Undead            Necr           4%         3d7       78%         4
 Sticky Flame             Conj/Fire      4%         2d3       78%         4
 Enfeeble                 Hex            2%         N/A       100%        7


Dungeon Overview and Level Annotations

Branches:
Dungeon (10/15)            Temple (1/1) D:5            Lair (0/6) D:8
    Orc: D:9-12

Altars:
Ashenzari
Cheibriados
Dithmenos
Elyvilon
Fedhas
Gozag
Hepliaklqana
Kikubaaqudgha
Makhleb
Nemelex Xobeh
Okawaru
Qazlal
Ru
Sif Muna
Trog
Uskayaw
Vehumet
Wu Jian
Xom
Yredelemnul
Zin
The Shining One

Shops:
D:9 *

Annotations:
D:4 1 runed translucent door, Crazy Yiuf
D:8 2 transporters, qborf's ghost, novice GnWn


Innate Abilities, Weirdness & Mutations

You are a creature of crystalline ice.
You have a powerful freezing melee attack.
You are amphibious.
Your maximum health is increased.
Your armour is entirely melded.
You are incapable of wielding weapons or throwing items.
((You have a pair of small antennae on your head.))
((You are partially covered in icy blue scales. (AC +2)))
You sometimes emit foul miasma when damaged in melee.
((You are mostly covered in sharp spines.))
You cannot study or use magical devices.


Message History

You are too injured to fight recklessly!
You are too injured to fight recklessly!
The orc warrior is engulfed in dark miasma.
The orc warrior is poisoned.
Something hits you.
Deactivating autopickup; reactivate with Ctrl-A.
Things that are here:
a +0 flail; a +3 plate armour; an orc corpse The shadow slips into darkness.
The shadow flickers and vanishes!
The orc priest begins to cast a cantrip, but forgets the words!
The orc priest begins to pray, but is stunned by your conviction!
You hit the orc warrior but do no damage.
The orc warrior is moderately wounded.
You redirect the orc warrior's attack!
The orc warrior misses itself.
The orc priest mumbles some strange prayers to Beogh against you.
Beogh smites you!
You focus your inner power and blind the orc priest in retribution!
You punch the orc warrior! You freeze the orc warrior.
The orc warrior is heavily wounded.
The orc warrior looks more healthy.
You redirect the orc warrior's attack!
The orc warrior hits itself with a +0 dire flail!
The orc warrior dies!
You punch the two-headed ogre! You freeze the two-headed ogre.
The two-headed ogre is moderately wounded.
The orc priest looks satisfied for a moment.
You hit the two-headed ogre. You freeze the two-headed ogre.
The two-headed ogre is moderately wounded.
The two-headed ogre hits you with a +0 giant spiked club!!
* * * LOW HITPOINT WARNING * * *
The two-headed ogre hits you with a +0 giant club.
* * * LOW HITPOINT WARNING * * *
You emit a cloud of foul miasma!
You punch the two-headed ogre! You freeze the two-headed ogre.
The two-headed ogre is heavily wounded.
The two-headed ogre is engulfed in dark miasma.
The two-headed ogre is poisoned.
The two-headed ogre hits you with a +0 giant spiked club!
You die...

.......... ♣#..#
.........# {##.#
.........# #.#
.........## ##.########
^.....)...#♣ ♣#..........
......).).## ##..........
#####...)..###
###...........
#...##.o.###...##########
#...####..OY.### #...#
####### #...# .....
...... .#####


You could see a two-headed ogre (poisoned) and an orc priest (blind).

Vanquished Creatures
  A troll (D:10)
  A wraith (D:9)
  A steam dragon (D:8)
  Duvessa (D:6)
  5 orc warriors
  A black bear (D:7)
  4 ogres (D:6)
  3 necrophages
  A phantom (D:5)
  A centaur (D:9)
  3 bullfrogs
  2 scorpions
  A wyvern skeleton (D:6)
  Dowan (D:6)
  3 wights (D:7)
  A vampire bat (D:3)
  2 howler monkeys
  3 centaur zombies
  2 hounds
  A jelly (D:4)
  6 orc priests
  A gnoll shaman (D:8)
  10 orc wizards
  3 iguanas
  2 killer bee zombies (D:9)
  2 hound skeletons (D:4)
  A howler monkey zombie (D:6)
  10 gnolls
  8 adders
  A white imp (D:6)
  An ufetubus (D:7)
  A worm (D:3)
  3 dart slugs
  3 fire bats (D:3)
  44 orcs
  2 spectral bats (D:3)
  7 ball pythons
  17 bats
  3 bat skeletons (D:3)
  A bat zombie (D:3)
  8 endoplasms
  5 giant cockroaches
  7 hobgoblins
  4 jackals (D:3)
  7 quokkas
  A bat simulacrum (D:3)
  2 frilled lizards
  5 goblins
  6 kobolds
  6 rats
215 creatures vanquished.

Vanquished Creatures (others)
  An orc warrior (D:10)
  An orc (D:9)
  7 fungi (D:4)
  8 plants (D:3)
17 creatures vanquished.

Grand Total: 232 creatures vanquished

Notes
Turn   | Place    | Note
-------+----------+-------------------------------------------
     0 | D:1      | kae the Demonspawn Transmuter began the quest for the Orb.
     0 | D:1      | Reached XP level 1. HP: 15/15 MP: 3/3
   189 | D:1      | Gained mutation: You are partially covered in sharp spines.
                  | [demonic ancestry]
   189 | D:1      | Reached XP level 2. HP: 21/21 MP: 3/5
   428 | D:1      | Found a faded altar of an unknown god.
   914 | D:1      | Lost mutation: You have a pair of horns on your head.
                  | [demonic ancestry]
   914 | D:1      | Lost mutation: You have a pair of small horns on your head.
                  | [demonic ancestry]
   914 | D:1      | Gained mutation: You have a pair of small antennae on your
                  | head. [demonic ancestry]
   914 | D:1      | Reached XP level 3. HP: 24/26 MP: 4/6
  1969 | D:1      | Learned a level 3 spell: Spider Form
  1978 | D:1      | Gained mutation: You may rarely emit foul miasma when
                  | damaged in melee. [demonic ancestry]
  1978 | D:1      | Reached XP level 4. HP: 9/33 MP: 4/7
  2904 | D:3      | Noticed an orc warrior
  2934 | D:3      | Killed an orc warrior
  2935 | D:3      | Reached skill level 1 in Poison Magic
  2935 | D:3      | Gained mutation: You sometimes emit foul miasma when
                  | damaged in melee. [demonic ancestry]
  2935 | D:3      | Reached XP level 5. HP: 29/38 MP: 7/9
  3342 | D:3      | Reached XP level 6. HP: 44/45 MP: 10/10
  4354 | D:4      | Learned a level 4 spell: Ice Form
  4519 | D:4      | Found a sparkling altar of Nemelex Xobeh.
  4566 | D:4      | Gained mutation: You are mostly covered in sharp spines.
                  | [demonic ancestry]
  4566 | D:4      | Reached XP level 7. HP: 45/51 MP: 11/11
  4625 | D:4      | Found a burning altar of Makhleb.
  4854 | D:4      | Reached skill level 1 in Ice Magic
  5226 | D:4      | Found a runed translucent door.
  5227 | D:4      | Noticed Crazy Yiuf
  5381 | D:5      | Entered Level 5 of the Dungeon
  5381 | D:5      | Found a staircase to the Ecumenical Temple.
  5399 | D:5      | Reached skill level 5 in Unarmed Combat
  5422 | Temple   | Entered the Ecumenical Temple
  6327 | D:6      | Reached XP level 8. HP: 33/58 MP: 13/13
  6332 | D:6      | Reached skill level 5 in Transmutations
  6737 | D:6      | Found a bloodstained altar of Trog.
  6993 | D:6      | Found an ornate altar of the Wu Jian Council.
  6997 | D:6      | Found a sacrificial altar of Ru.
  6998 | D:6      | Found a basalt altar of Yredelemnul.
  6999 | D:6      | Found a stormy altar of Qazlal.
  7035 | D:6      | Became a worshipper of Ru the Awakened
  7264 | D:6      | Noticed Duvessa
  7264 | D:6      | Noticed Dowan
  7270 | D:6      | Killed Duvessa
  7279 | D:6      | Killed Dowan
  8070 | D:7      | Gained mutation: You are partially covered in icy blue
                  | scales. (AC +2) [demonic ancestry]
  8070 | D:7      | Reached XP level 9. HP: 38/65 MP: 15/15
  8886 | D:7      | Gained mutation: You cannot study or use magical devices.
                  | [Ru sacrifice]
  8886 | D:7      | Reached * piety under Ru
  8886 | D:7      | Reached ** piety under Ru
  9137 | D:8      | Found a staircase to the Lair.
  9223 | D:8      | Found an ancient bone altar of Kikubaaqudgha.
  9354 | D:8      | Found a radiant altar of Vehumet.
  9366 | D:8      | Found a shimmering blue altar of Sif Muna.
  9999 | D:8      | Found a transporter.
 10010 | D:8      | Noticed qborf's ghost (novice GnWn)
 10026 | D:8      | Found a transporter.
 10041 | D:8      | Noticed a moth of wrath
 10802 | D:9      | Reached skill level 5 in Ice Magic
 11498 | D:9      | Found Jokh's General Store.
 11504 | D:9      | Bought a scroll of identify for 30 gold pieces
 11663 | D:10     | Entered Level 10 of the Dungeon
 11680 | D:10     | Noticed a two-headed ogre
 11684 | D:10     | Noticed a troll
 11725 | D:10     | Found an iron altar of Okawaru.
 12120 | D:10     | Killed a troll
 12121 | D:10     | Reached skill level 5 in Fighting
 12121 | D:10     | Reached skill level 5 in Spellcasting
 12190 | D:10     | Noticed a two-headed ogre
 12208 | D:10     | Slain by a two-headed ogre

Illustrated notes

Levels and vault maps discovered:
D:1:      dpeg_arrival_rooms_b, layout_loops_ring,
          dreamdust_ecumenical_altar_grove
D:2:      layout_loops_cross
D:3:      layout_rooms, serial_bayou, serial_bayou_crossing,
          serial_bayou_shore_b, serial_bayou_pond_b, serial_bayou_pond_e,
          serial_bayou_pond_d, goddamned_bats
D:4:      layout_rooms, mainiacjoe_overflow_alcove_4,
          nemelex_diamond_rough_becter, serial_aquarium,
          aquarium_bridge_straight [aquarium_subvault_bridge,
          aquarium_subvault_window, aquarium_subvault_bridge,
          aquarium_subvault_wall], aquarium_bridge_straight
          [aquarium_subvault_bridge, aquarium_subvault_wall,
          aquarium_subvault_bridge, aquarium_subvault_window],
          aquarium_window_3, aquarium_window_fake, aquarium_window_2,
          aquarium_view_2c, uniq_crazy_yiuf_cottage
D:5:      nicolae_BIG_FREAKIN_CUBE, layout_cave_pools, old_standard_altar,
          chequers_serial_rivers_large_b, roderic_malta_cross,
          chequers_mini_garden
D:6:      layout_loops_corners, kennysheep_little_box,
          mainiacjoe_overflow_alcove_3, uniq_duvessa
D:7:      layout_basic, hangedman_abyss_or_decor_passed, chequers_garden
D:8:      layout_basic, mainiacjoe_overflow_alcove_1,
          amethyst_overflow_temple_binary, lair_entry_dummy,
          gammafunk_ghost_berserking_beasts
D:9:      layout_loops_ring, serial_shops, nicolae_diamond_shop, st_stairs_3,
          kennysheep_doodads
D:10:     cheibrodos_iron_armory, layout_long_grid, okawaru_metal_pillars_3,
          uniq_josephine
Temple:   dpeg_chambers_temple

Skill      XL: |  1  2  3  4  5  6  7  8  9 |
---------------+----------------------------+-----
Transmutations | 2 3 4 5 7 |  7.0
Unarmed Combat | 3 4 5 6 7 |  7.5
Fighting       | 2 3 4 5 |  5.1
Poison Magic   | 1 |  1.0
Spellcasting   | 3 4 5 |  5.1
Ice Magic      | 2 4 5 |  5.0
Dodging        | 2 |  2.7

Action                   |  1- 3 |  4- 6 |  7- 9 || total
-------------------------+-------+-------+-------++-------
Melee: Unarmed           |    81 |   145 |   291 ||   517
       Kick              |     9 |    16 |    19 ||    44
       Headbutt          |     7 |       |       ||     7
       Punch             |     1 |     2 |     5 ||     8
 Cast: Beastly Appendage |    21 |    23 |    15 ||    59
       Spider Form       |     1 |     9 |     5 ||    15
       Ice Form          |       |       |    30 ||    30
Invok: Sacrifice Artific |       |       |     1 ||     1
       Reject Sacrifices |       |       |     1 ||     1
  Use: Scroll            |     2 |     2 |    15 ||    19
       Potion            |       |     1 |       ||     1
 Stab: Distracted        |       |       |     1 ||     1
Armor: Robe              |    24 |    19 |    15 ||    58
       Skin              |       |     3 |    61 ||    64
Dodge: Dodged            |    35 |   117 |   143 ||   295

Table legend: (Time is in decaauts)
 A = Elapsed time spent in this place.
 B = Non-inter-level travel time spent in this place.
 C = Inter-level travel time spent in this place.
 D = Time resting spent in this place.
 E = Time spent auto-exploring this place.
 F = Levels seen in this place.
 G = Mean time per level.
                   A        B        C        D        E       F      G
               +--------+--------+--------+--------+--------+-----+--------+
         Total |  12210 |  12007 |    203 |    919 |   9535 |  11 | 1110.0 |
       Dungeon |  11935 |  11743 |    192 |    919 |   9279 |  10 | 1193.5 |
        Temple |    275 |    264 |     11 |      0 |    256 |   1 |  275.0 |
               +--------+--------+--------+--------+--------+-----+--------+

Top non-repeatable levels by time:
     D:1: 2068 daAuts
     D:8: 1642 daAuts
     D:6: 1592 daAuts
     D:4: 1324 daAuts
     D:3: 1156 daAuts
     D:9: 1057 daAuts
     D:7: 970 daAuts
     D:2: 829 daAuts
     D:5: 771 daAuts
    D:10: 522 daAuts
  Temple: 275 daAuts
